PBL
SAN FRANCISCO GIANTS @ TAMPA BAY RAYS
07/17/2071
 
TOP OF THE 1ST
San Francisco Giants batting - Pitching for Tampa Bay Rays : RHP Tom Snider
Pitching: RHP Tom Snider
Batting: RHB Jorge Luna 0-0: Called Strike
0-1: Called Strike
0-2: Strikes out swinging
Batting: LHB Emílio López 0-0: Foul Ball, location: 3DF
0-1: Ball
1-1: Ground out 5-3 (Groundball, 5, EV 86.3 MPH)
Batting: SHB Jesús Sosa 0-0: Ball
1-0: Called Strike
1-1: Called Strike
1-2: Ground out U3 (Groundball, 3, EV 86.9 MPH)
Top of the 1st over - 0 runs, 0 hits, 0 errors, 0 left on base; San Francisco 0 - Tampa Bay 0
BOTTOM OF THE 1ST
Tampa Bay Rays batting - Pitching for San Francisco Giants : LHP Javier Durán
Pitching: LHP Javier Durán
Batting: RHB Ken Potter 0-0: Ball
1-0: Ball
2-0: Ball
3-0: Called Strike
3-1: Called Strike
3-2: Ground out 6-3 (Groundball, 6, EV 98.8 MPH)
Batting: LHB Manuel Gonzáles 0-0: Ball
1-0: Swinging Strike
1-1: SINGLE (Line Drive, 89S, EV 108.1 MPH)
Batting: RHB Tom Pike 0-0: Ball
1-0: Swinging Strike
1-1: SINGLE (Groundball, 34D, EV 100.0 MPH)
Manuel Gonzáles to second
Runner from 2nd tries for 3rd, SAFE, no throw by RF
Batting: RHB Jorge Baca 0-0: Swinging Strike
0-1: Swinging Strike
0-2: Foul Ball, location: 23FF
0-2: Ball
1-2: Ball
2-2: Foul Ball, location: 9LMF
2-2: Strikes out swinging
Batting: LHB Oliver Whitley 0-0: Called Strike
0-1: Ball
1-1: Foul Ball, location: 3FF
1-2: Ball
2-2: DOUBLE (Line Drive, 8RD, EV 98.8 MPH)
Manuel Gonzáles scores
Tom Pike to third
Batting: RHB Colt Keeling 0-0: Ball
1-0: Ball
2-0: Ball
3-0: Called Strike
3-1: Base on Balls
Batting: SHB Barry Huffman 0-0: Ball
1-0: Foul Ball, location: 7LMFF
1-1: Fly out, F7 (Flyball, 78M, EV 94.4 MPH)
Bottom of the 1st over - 1 run, 3 hits, 0 errors, 3 left on base; San Francisco 0 - Tampa Bay 1
TOP OF THE 2ND
San Francisco Giants batting - Pitching for Tampa Bay Rays : RHP Tom Snider
Batting: LHB Denis Gustafson 0-0: Called Strike
0-1: Foul Ball, location: 2F
0-2: Fly out, F7 (Flyball, 78S, EV 76.3 MPH)
Batting: RHB Rafael Pérez 0-0: Called Strike
0-1: Called Strike
0-2: Strikes out looking
Batting: LHB Donald Barnes 0-0: Ball
1-0: Called Strike
1-1: Ball
2-1: Fly out, F3 (Line Drive, 3L, EV 70.0 MPH)
Top of the 2nd over - 0 runs, 0 hits, 0 errors, 0 left on base; San Francisco 0 - Tampa Bay 1
BOTTOM OF THE 2ND
Tampa Bay Rays batting - Pitching for San Francisco Giants : LHP Javier Durán
Batting: RHB Carlos Cruz 0-0: Ball
1-0: Foul Ball, location: 5F
1-1: Ball
2-1: Foul Ball, location: 7LMF
2-2: Ball
3-2: Ground out 3-1 (Groundball, 34, EV 86.3 MPH)
Batting: RHB Paul Robertson 0-0: Ball
1-0: Foul Ball, location: 7LMF
1-1: Ball
2-1: Foul Ball, location: 3F
2-2: Strikes out swinging
Batting: RHB Ken Potter 0-0: Ball
1-0: Ball
2-0: Ball
3-0: Called Strike
3-1: Foul Ball, location: 3FF
3-2: Strikes out swinging
Bottom of the 2nd over - 0 runs, 0 hits, 0 errors, 0 left on base; San Francisco 0 - Tampa Bay 1
TOP OF THE 3RD
San Francisco Giants batting - Pitching for Tampa Bay Rays : RHP Tom Snider
Batting: RHB Juan Guzmán 0-0: Called Strike
0-1: Foul Ball, location: 2F
0-2: Strikes out looking
Batting: RHB Elmer Encarnación 0-0: Ground out 6-3 (Groundball, 6S, EV 71.3 MPH)
Batting: RHB Alonso Marino 0-0: Ball
1-0: Called Strike
1-1: Swinging Strike
1-2: Strikes out swinging
Top of the 3rd over - 0 runs, 0 hits, 0 errors, 0 left on base; San Francisco 0 - Tampa Bay 1
BOTTOM OF THE 3RD
Tampa Bay Rays batting - Pitching for San Francisco Giants : LHP Javier Durán
Batting: LHB Manuel Gonzáles 0-0: Swinging Strike
0-1: Foul Ball, location: 2F
0-2: Ball
1-2: Reached on error, E6 (Groundball, 4M, EV 86.3 MPH)
Batting: RHB Tom Pike 0-0: Called Strike
0-1: Ball
1-1: SINGLE (Line Drive, 9S, EV 102.5 MPH)
Manuel Gonzáles to second
Batting: RHB Jorge Baca 0-0: Fielders Choice at 2nd, 6-4 (Groundball, 6M, EV 87.5 MPH)
Manuel Gonzáles to third
Batting: LHB Oliver Whitley 0-0: Called Strike
0-1: Swinging Strike
0-2: Strikes out looking
Batting: RHB Colt Keeling 0-0: Ball
1-0: Called Strike
1-1: Ball
2-1: Ball
3-1: Called Strike
3-2: Fly out, F9 (Flyball, 9D, EV 107.5 MPH)
Bottom of the 3rd over - 0 runs, 1 hit, 1 error, 2 left on base; San Francisco 0 - Tampa Bay 1
TOP OF THE 4TH
San Francisco Giants batting - Pitching for Tampa Bay Rays : RHP Tom Snider
Batting: RHB Jorge Luna 0-0: Foul Ball, location: 5DF
0-1: Ball
1-1: Ball
2-1: Swinging Strike
2-2: Ball
3-2: Base on Balls
Batting: LHB Emílio López 0-0: SINGLE (Groundball, 15S, EV 71.9 MPH) (infield hit)
Jorge Luna to second
Batting: SHB Jesús Sosa 0-0: Fielders Choice at 2nd, 6-4 (Groundball, 6, EV 103.1 MPH)
Jorge Luna to third
Batting: LHB Denis Gustafson 0-0: Ball
1-0: Called Strike
1-1: Ball
2-1: Ball
3-1: Ground out 6-3 (Groundball, 6S, EV 53.8 MPH)
Jorge Luna scores
Jesús Sosa to second
Batting: RHB Rafael Pérez 0-0: Foul Ball, location: 9LDF
0-1: Called Strike
0-2: Ball
1-2: SINGLE (Line Drive, 6MD, EV 105.0 MPH)
Jesús Sosa to third
Batting: LHB Donald Barnes 0-0: Ball
1-0: Called Strike
1-1: Foul Ball, location: 2F
1-2: Ball
2-2: Fly out, F7 (Line Drive, 78M, EV 95.6 MPH)
Top of the 4th over - 1 run, 2 hits, 0 errors, 2 left on base; San Francisco 1 - Tampa Bay 1
BOTTOM OF THE 4TH
Tampa Bay Rays batting - Pitching for San Francisco Giants : LHP Javier Durán
Batting: SHB Barry Huffman 0-0: Called Strike
0-1: Ball
1-1: Ball
2-1: Ball
3-1: Foul Ball, location: 7LDF
3-2: Fly out, F8 (Flyball, 8LD, EV 106.3 MPH)
Batting: RHB Carlos Cruz 0-0: Ground out 5-3 (Groundball, 5, EV 95.0 MPH)
Batting: RHB Paul Robertson 0-0: Ball
1-0: Ball
2-0: Swinging Strike
2-1: Foul Ball, location: 7LMF
2-2: Ball
3-2: Ground out 6-3 (Groundball, 56, EV 82.5 MPH)
Bottom of the 4th over - 0 runs, 0 hits, 0 errors, 0 left on base; San Francisco 1 - Tampa Bay 1
TOP OF THE 5TH
San Francisco Giants batting - Pitching for Tampa Bay Rays : RHP Tom Snider
Batting: RHB Juan Guzmán 0-0: Called Strike
0-1: Ball
1-1: Ball
2-1: Called Strike
2-2: Foul Ball, location: 23F
2-2: SOLO HOME RUN (Line Drive, 78XD, EV 101.3 MPH), Distance : 403 ft
Batting: RHB Elmer Encarnación 0-0: Called Strike
0-1: Ball
1-1: Ball
2-1: Ball
3-1: Swinging Strike
3-2: Base on Balls
Batting: RHB Alonso Marino 0-0: Ball
1-0: Bunted foul
1-1: Sac Bunt to 15 - play at first, batter OUT! 1-3
Elmer Encarnación to second
Batting: RHB Jorge Luna 0-0: Called Strike
0-1: Ball
1-1: Ball
2-1: Called Strike
2-2: Foul Ball, location: 2F
2-2: Ball
3-2: Ground out 1-3 (Groundball, 34S, EV 65.0 MPH)
Batting: LHB Emílio López 0-0: Ball
1-0: Called Strike
1-1: Ground out U3 (Groundball, 34, EV 84.4 MPH)
Top of the 5th over - 1 run, 1 hit, 0 errors, 1 left on base; San Francisco 2 - Tampa Bay 1
BOTTOM OF THE 5TH
Tampa Bay Rays batting - Pitching for San Francisco Giants : LHP Javier Durán
Batting: RHB Ken Potter 0-0: Ball
1-0: Ball
2-0: Foul Ball, location: 9LMF
2-1: Ground out 5-3 (Groundball, 56S, EV 89.4 MPH)
Batting: LHB Manuel Gonzáles 0-0: Called Strike
0-1: Ball
1-1: Called Strike
1-2: Fly out, F7 (Flyball, 78M, EV 91.9 MPH)
Batting: RHB Tom Pike 0-0: Fly out, F4 (Line Drive, 4, EV 66.3 MPH)
Bottom of the 5th over - 0 runs, 0 hits, 0 errors, 0 left on base; San Francisco 2 - Tampa Bay 1
TOP OF THE 6TH
San Francisco Giants batting - Pitching for Tampa Bay Rays : RHP Tom Snider
Batting: SHB Jesús Sosa 0-0: Called Strike
0-1: Foul Ball, location: 3FF
0-2: SINGLE (Line Drive, 7S, EV 105.6 MPH)
Batting: LHB Denis Gustafson 0-0: Ball
1-0: Called Strike
1-1: Swinging Strike
1-2: Ball
2-2: SINGLE (Line Drive, 89S, EV 100.0 MPH)
Jesús Sosa to second
Batting: RHB Rafael Pérez 0-0: Ball
1-0: Called Strike
1-1: Ball
2-1: Fly out, F9 (Flyball, 89D, EV 81.9 MPH)
Runner from 2nd tags up, SAFE at 3rd, no throw by RF
Batting: LHB Donald Barnes 0-0: Ball
1-0: Grounds into double play, 4-6-3 (Groundball, 4, EV 98.1 MPH)
Top of the 6th over - 0 runs, 2 hits, 0 errors, 1 left on base; San Francisco 2 - Tampa Bay 1
BOTTOM OF THE 6TH
Tampa Bay Rays batting - Pitching for San Francisco Giants : LHP Javier Durán
Batting: RHB Jorge Baca 0-0: Called Strike
0-1: Ball
1-1: Called Strike
1-2: Foul Ball, location: 5F
1-2: Ball
2-2: Foul Ball, location: 2F
2-2: Strikes out looking
Batting: LHB Oliver Whitley 0-0: Ball
1-0: DOUBLE (Line Drive, 8RXD, EV 108.8 MPH)
Batting: RHB Colt Keeling 0-0: Ball
1-0: Ball
2-0: Ball
3-0: Called Strike
3-1: Base on Balls
Pitching: LHP Eduardo Gallardo
Batting: SHB Barry Huffman 0-0: Ball
1-0: Grounds into double play, U4-3 (Groundball, 6MS, EV 93.8 MPH)
Bottom of the 6th over - 0 runs, 1 hit, 0 errors, 1 left on base; San Francisco 2 - Tampa Bay 1
TOP OF THE 7TH
San Francisco Giants batting - Pitching for Tampa Bay Rays : RHP Tom Snider
Batting: RHB Juan Guzmán 0-0: Called Strike
0-1: Called Strike
0-2: Foul Ball, location: 3F
0-2: Strikes out swinging
Batting: RHB Elmer Encarnación 0-0: Called Strike
0-1: SINGLE (Groundball, 34D, EV 103.1 MPH)
Batting: RHB Alonso Marino 0-0: Called Strike
0-1: Called Strike
0-2: Foul Ball, location: 23F
0-2: Ball
1-2: SINGLE (Groundball, 6MD, EV 104.4 MPH)
Elmer Encarnación to second
Pitching: LHP Mike Franklin
Batting: RHB Jorge Luna 0-0: Foul Ball, location: 9LSF
0-1: Ball
1-1: Foul Ball, location: 25F
1-2: Ball
2-2: Foul Ball, location: 9LSF
2-2: Ball
3-2: SINGLE (Groundball, 56S, EV 77.5 MPH) (infield hit)
Elmer Encarnación to third
Alonso Marino to second
Batting: LHB Emílio López 0-0: Ball
1-0: SINGLE (Groundball, 6, EV 110.6 MPH) (infield hit)
Elmer Encarnación scores
Alonso Marino to third
Jorge Luna to second
Batting: SHB Jesús Sosa 0-0: Called Strike
0-1: Ball
1-1: Foul Ball, location: 9LDF
1-2: Fly out, F9 (Flyball, 9, EV 77.5 MPH)
Lined into DP, 9-5 (Flyball, 9, EV 77.5 MPH)
Top of the 7th over - 1 run, 4 hits, 0 errors, 2 left on base; San Francisco 3 - Tampa Bay 1
BOTTOM OF THE 7TH
Tampa Bay Rays batting - Pitching for San Francisco Giants : LHP Eduardo Gallardo
Batting: RHB Carlos Cruz 0-0: Called Strike
0-1: Ground out 4-3 (Groundball, 4, EV 82.5 MPH)
Batting: RHB Paul Robertson 0-0: Called Strike
0-1: Ball
1-1: Fly out, F3 (Line Drive, 34, EV 70.6 MPH)
Batting: RHB Ken Potter 0-0: Ground out 5-3 (Groundball, 5, EV 84.4 MPH)
Bottom of the 7th over - 0 runs, 0 hits, 0 errors, 0 left on base; San Francisco 3 - Tampa Bay 1
TOP OF THE 8TH
San Francisco Giants batting - Pitching for Tampa Bay Rays : LHP Mike Franklin
Batting: LHB Denis Gustafson 0-0: Foul Ball, location: 3FF
0-1: Swinging Strike
0-2: SINGLE (Line Drive, 78S, EV 96.9 MPH)
Batting: RHB Rafael Pérez 0-0: Ball
1-0: Foul Ball, location: 9LMF
1-1: Ball
2-1: Ball
3-1: Swinging Strike
3-2: Strikes out looking
Denis Gustafson is caught stealing 2nd base 2-4
Batter strikes out.
Batting: LHB Donald Barnes 0-0: Foul Ball, location: 25F
0-1: Ball
1-1: Fly out, F5 (Popup, 56, EV 71.9 MPH)
Top of the 8th over - 0 runs, 1 hit, 0 errors, 0 left on base; San Francisco 3 - Tampa Bay 1
BOTTOM OF THE 8TH
Tampa Bay Rays batting - Pitching for San Francisco Giants : LHP Eduardo Gallardo
Batting: LHB Manuel Gonzáles 0-0: Ball
1-0: Called Strike
1-1: Foul Ball, location: 2F
1-2: Ball
2-2: Ground out 6-3 (Groundball, 4, EV 80.0 MPH)
Batting: RHB Tom Pike 0-0: Ball
1-0: SINGLE (Line Drive, 9LS, EV 93.1 MPH)
Batting: RHB Jorge Baca 0-0: Ball
1-0: Grounds into double play, 5-4-3 (Groundball, 5, EV 110.0 MPH)
Bottom of the 8th over - 0 runs, 1 hit, 0 errors, 0 left on base; San Francisco 3 - Tampa Bay 1
TOP OF THE 9TH
San Francisco Giants batting - Pitching for Tampa Bay Rays : LHP Mike Franklin
Batting: RHB Juan Guzmán 0-0: Ball
1-0: Fly out, F7 (Flyball, 78M, EV 88.1 MPH)
Batting: RHB Elmer Encarnación 0-0: Foul Ball, location: 2F
0-1: Ball
1-1: Called Strike
1-2: Ball
2-2: Foul Ball, location: 5SF
2-2: Strikes out looking
Batting: RHB Alonso Marino 0-0: SOLO HOME RUN (Flyball, 7LD, EV 95.0 MPH), Distance : 345 ft
Batting: RHB Jorge Luna 0-0: Called Strike
0-1: Called Strike
0-2: Strikes out looking
Top of the 9th over - 1 run, 1 hit, 0 errors, 0 left on base; San Francisco 4 - Tampa Bay 1
BOTTOM OF THE 9TH
Tampa Bay Rays batting - Pitching for San Francisco Giants : LHP Eduardo Gallardo
Pitching: RHP Juan Carlos Muñóz
Batting: LHB Oliver Whitley 0-0: SINGLE (Line Drive, 5D, EV 94.4 MPH)
Batting: RHB Colt Keeling 0-0: Ball
1-0: Ball
2-0: Called Strike
2-1: Fly out, F8 (Flyball, 8RD, EV 110.0 MPH)
Batting: SHB Barry Huffman 0-0: Ball
1-0: Foul Ball, location: 2F
1-1: Ball
2-1: Foul Ball, location: 23FF
2-2: Foul Ball, location: 2F
2-2: Ball
3-2: SINGLE (Line Drive, 8RS, EV 110.0 MPH)
Oliver Whitley to second
Pinch Hitting: LHB César García 0-0: Ball
1-0: Called Strike
1-1: Foul Ball, location: 5FF
1-2: Foul Ball, location: 9LDF
1-2: Foul Ball, location: 23F
1-2: Foul Ball, location: 5F
1-2: Strikes out swinging
Batting: RHB Paul Robertson 0-0: Ball
Wild Pitch!
Oliver Whitley to third
Barry Huffman to second
1-0: Ball
2-0: Called Strike
2-1: Ball
3-1: Base on Balls
Batting: RHB Ken Potter 0-0: Ball
1-0: Foul Ball, location: 9LSF
1-1: Called Strike
1-2: Ball
2-2: Foul Ball, location: 23F
2-2: Foul Ball, location: 2F
2-2: DOUBLE (Line Drive, 8RD, EV 103.8 MPH)
Oliver Whitley scores
Barry Huffman scores
Paul Robertson to third
Pitching: RHP Ángel Ramírez
Batting: LHB Manuel Gonzáles 0-0: Foul Ball, location: 2F
0-1: Ball
1-1: Ball
2-1: Ball
3-1: Foul Ball, location: 3F
3-2: Base on Balls
Batting: RHB Tom Pike 0-0: Called Strike
0-1: Foul Ball, location: 3SF
0-2: Foul Ball, location: 2F
0-2: Ball
1-2: Foul Ball, location: 2F
1-2: SINGLE (Line Drive, 8RS, EV 99.4 MPH)
Paul Robertson scores
Ken Potter to third
Manuel Gonzáles to second
Runner from 3rd tries for Home, SAFE, throw by CF to home
Bottom of the 9th over - 4 runs, 4 hits, 0 errors, 2 left on base; San Francisco 4 - Tampa Bay 5
Wednesday, May 1st , 2024 - OOTP Baseball 24.10 Build 82